 Dungeon Crawl Stone Soup version 0.21.1-1-g345015fe64 (webtiles) character file.

538 Razbojnik the Magician (level 7, -10/36 HPs)
             Began as a Deep Elf Conjurer on July 25, 2018.
             Was a Follower of Vehumet.
             Shot with an arrow by a centaur (17 damage)
             ... on level 5 of the Dungeon.
             The game lasted 00:43:16 (4865 turns).

Razbojnik the Magician (Deep Elf Conjurer)          Turns: 4865, Time: 00:43:17

Health: -10/36     AC:  4    Str:  5    XL:     7   Next: 5%
Magic:  3/19       EV: 13    Int: 22    God:    Vehumet [*.....]
Gold:   167        SH:  0    Dex: 15    Spells: 5/19 levels left

rFire    . . .     SeeInvis +   l - +2 short sword (elec)
rCold    . . .     Gourm    .   (no shield)
rNeg     . . .     Faith    .   d - +0 robe "Jesmuod" {rElec SInv}
rPois    .         Spirit   .   m - +0 helmet
rElec    +         Reflect  .   (no cloak)
rCorr    .         Harm     .   (no gloves)
MR       .....                  k - +0 pair of boots
Stlth    ++........             (no amulet)
HPRegen  0.12/turn              (no ring)
MPRegen  0.16/turn              (no ring)

@: very slightly contaminated
A: no striking features
a: Renounce Religion


You were on level 5 of the Dungeon.
You worshipped Vehumet.
Vehumet was aware of your devotion.
You were not hungry.

You visited 1 branch of the dungeon, and saw 5 of its levels.

You collected 298 gold pieces.
You spent 131 gold pieces at shops.

Inventory:

Hand Weapons
 l - a +2 short sword of electrocution (weapon)
 n - a +0 dagger
 z - a +0 trident
 A - a +0 quarterstaff
Missiles
 h - 26 sling bullets
Armour
 d - the +0 robe "Jesmuod" (worn) {rElec SInv}
   (You bought it in a shop on level 4 of the Dungeon)

   It insulates you from electricity.
   It lets you see invisible.
 f - a +0 leather armour
 k - a +0 pair of boots (worn)
 m - a +0 helmet (worn)
 o - a +0 animal skin
Wands
 u - a wand of flame (33)
Scrolls
 e - 2 scrolls of remove curse
 q - a scroll of fear {unknown}
 s - 3 scrolls of teleportation {unknown}
 v - 4 scrolls of immolation {unknown}
 D - a scroll of enchant weapon {unknown}
Potions
 g - a potion of might {unknown}
 i - a potion of magic {unknown}
 j - a potion of berserk rage {unknown}
 p - a potion of flight {unknown}
 r - a potion of heal wounds
 t - a potion of mutation {unknown}
 w - 2 potions of resistance {unknown}
 x - 2 potions of lignification {unknown}
 C - a potion of curing {unknown}
Books
 b - a book of Conjurations

   Spells                             Type                      Level
   a - Magic Dart                     Conjuration                  1
   b - Searing Ray                    Conjuration                  2
   c - Dazzling Spray                 Conjuration/Hexes            3
   d - Fulminant Prism                Conjuration/Hexes            4
   e - Force Lance                    Conjuration/Translocation    4
   f - Iskenderun's Mystic Blast      Conjuration                  4
Comestibles
 a - 2 chunks of flesh
 c - 7 rations


   Skills:
 - Level 0.2 Fighting
 - Level 1.6 Short Blades
 - Level 0.2 Throwing
 - Level 2.5 Dodging
 - Level 2.4 Stealth
 + Level 6.8 Spellcasting
 - Level 5.5 Conjurations
 + Level 5.3 Hexes


You had 5 spell levels left.
You knew the following spells:

 Your Spells              Type           Power        Failure   Level  Hunger
a - Magic Dart            Conj           ####         1%          1    None
b - Searing Ray           Conj           ####..       1%          2    None
c - Dazzling Spray        Conj/Hex       ####..       2%          3    None
d - Fulminant Prism       Conj/Hex       ####......   9%          4    ###....
e - Iskenderun's Mystic   Conj           ####....     9%          4    ###....


Dungeon Overview and Level Annotations

Branches:
Dungeon (5/15)
 Temple: D:4-7

Altars:
Dithmenos
Gozag
Hepliaklqana
Okawaru
Uskayaw
Vehumet
Xom

Shops:
D:4 [

Annotations:
D:5 Eustachio


Message History

You hear a zap.
You hear a grinding noise.
You see here a spear.
The centaur shoots an arrow.
The arrow hits you!
You see here an arrow.
Casting: Fulminant Prism
Confirm with . or Enter, or press ? or * to list all spells.
Aiming: Searing Ray
Press: ? - help, Shift-Dir - straight line, f - centaur
Aim: a centaur, wielding a shortbow The searing ray hits the centaur.
The centaur is moderately wounded. (Press . to maintain the ray.)
The centaur shoots an arrow.
The arrow hits you.
You hear a zap.
You hear a grinding noise.
The centaur shoots an arrow.
The arrow hits you!
* * * LOW HITPOINT WARNING * * *
The searing ray hits the centaur.
The centaur is heavily wounded.
The centaur shoots an arrow.
The arrow hits you!
You die...

................##########.##....
.#...#(..#...#..#................
..............._##########.##....
.#...#...#...#..# ####.###...
.........)......# #....# ##.#
##########.#..#.## #.#### #.#
....@.......#..#.## #.# #.#
..............(.#.#####.# #.#
.#..###...###(..@.†..)..# #.#
...# ..... #c###.######.# #.# ..#
#..#.# #.# ##.# # ##.# .## .##..
#.# #.. #..# ## ## #c# #.. #.## #
#.# .## #.# #. # #.# #.# #.#


You could see a centaur.

Vanquished Creatures
  Edmund (D:5)
  The ghost of Ablot the Charmwright, an amateur GnSk (D:3)
  A howler monkey (D:5)
  An orc priest (D:5)
  Terence (D:2)
  2 worker ants (D:4)
  A worker ant zombie (D:5)
  Robin (D:2)
  2 adders
  4 gnolls
  A shadow imp (D:4)
  An ooze (D:1)
  An adder skeleton (D:4)
  A worm (D:4)
  A dart slug (D:3)
  4 leopard geckos
  12 orcs
  A ball python (D:4)
  4 giant cockroaches
  19 goblins
  6 hobgoblins
  6 jackals
  2 quokkas
  5 bats
  4 frilled lizards
  8 kobolds
  A leopard gecko skeleton (D:4)
  2 rats
94 creatures vanquished.

Vanquished Creatures (others)
  A fulminant prism (D:5)
1 creature vanquished.

Grand Total: 95 creatures vanquished

Notes
Turn   | Place    | Note
-------+----------+-------------------------------------------
     0 | D:1      | Razbojnik the Deep Elf Conjurer began the quest for the Orb.
     0 | D:1      | Reached XP level 1. HP: 10/10 MP: 6/6
     6 | D:1      | Noticed a killer bee
     6 | D:1      | Noticed a lindwurm
     6 | D:1      | Noticed a komodo dragon
     6 | D:1      | Noticed a water moccasin
   488 | D:1      | Reached XP level 2. HP: 15/15 MP: 5/8
   492 | D:1      | Learned a level 2 spell: Searing Ray
   677 | D:1      | Reached skill level 5 in Conjurations
   955 | D:1      | Reached XP level 3. HP: 19/19 MP: 6/9
  1404 | D:2      | Found a faded altar of an unknown god.
  1437 | D:2      | Noticed Terence
  1446 | D:2      | Killed Terence
  1453 | D:2      | Learned a level 3 spell: Dazzling Spray
  1503 | D:2      | Reached skill level 4 in Spellcasting
  1555 | D:2      | Noticed Robin
  1566 | D:2      | Reached XP level 4. HP: 20/24 MP: 7/12
  1616 | D:2      | Killed Robin
  1616 | D:2      | Reached skill level 1 in Hexes
  1744 | D:2      | Found a shadowy altar of Dithmenos.
  2685 | D:3      | Noticed Ablot's ghost (amateur GnSk)
  2693 | D:3      | Killed Ablot's ghost
  2693 | D:3      | Reached skill level 1 in Short Blades
  2693 | D:3      | Reached skill level 5 in Spellcasting
  2693 | D:3      | Reached XP level 5. HP: 28/28 MP: 4/14
  2718 | D:3      | Learned a level 4 spell: Fulminant Prism
  2725 | D:3      | Learned a level 4 spell: Iskenderun's Mystic Blast
  3016 | D:3      | Found a radiant altar of Vehumet.
  3023 | D:3      | Became a worshipper of Vehumet
  3990 | D:4      | Found Awurus's Antique Armour Emporium.
  4074 | D:4      | Reached XP level 6. HP: 25/32 MP: 5/16
  4351 | D:4      | Bought a wizard robe for 131 gold pieces
  4361 | D:4      | Identified the +0 robe "Jesmuod" {rElec SInv} (You bought it in a shop on level 4 of the Dungeon)
  4371 | D:5      | Entered Level 5 of the Dungeon
  4421 | D:5      | Found a hazy altar of Hepliaklqana.
  4488 | D:5      | Found a hide-covered altar of Uskayaw.
  4519 | D:5      | Noticed an enchanted dagger
  4520 | D:5      | Noticed a dagger
  4626 | D:5      | Reached skill level 6 in Spellcasting
  4626 | D:5      | Reached * piety under Vehumet
  4626 | D:5      | Offered knowledge of Shock by Vehumet.
  4642 | D:5      | Found an iron altar of Okawaru.
  4642 | D:5      | Found an opulent altar of Gozag.
  4761 | D:5      | Noticed Edmund
  4770 | D:5      | Killed Edmund
  4770 | D:5      | Reached skill level 5 in Hexes
  4776 | D:5      | Reached XP level 7. HP: 34/36 MP: 1/19
  4784 | D:5      | Noticed Eustachio
  4795 | D:5      | Found a shimmering altar of Xom.
  4865 | D:5      | Shot with an arrow by a centaur

Skill      XL: |  1  2  3  4  5  6 |
---------------+-------------------+-----
Conjurations   | 5 |  5.5
Spellcasting   | 4 5 6 |  6.8
Hexes          | 2 3 5 |  5.3
Short Blades   | 1 |  1.6
Fighting       | |  0.2
Throwing       | |  0.2
Dodging        | |  2.5
Stealth        | |  2.4

Action                   |  1- 3 |  4- 6 |  7- 9 || total
-------------------------+-------+-------+-------++-------
Melee: Short sword       |     3 |       |       ||     3
Throw: Stone             |    12 |     2 |       ||    14
       Tomahawk          |       |     7 |       ||     7
 Cast: Magic Dart        |    26 |    56 |       ||    82
       Searing Ray       |     8 |    31 |     1 ||    40
       Fulminant Prism   |       |     1 |       ||     1
       Dazzling Spray    |       |     1 |       ||     1
  Use: Scroll            |       |     1 |       ||     1
       Potion            |       |     1 |       ||     1
 Stab: Sleeping          |     2 |       |       ||     2
  Eat: Chunk             |     2 |    10 |       ||    12
Armor: Robe              |     2 |     4 |       ||     6
Dodge: Dodged            |    12 |    14 |       ||    26
